 Dungeon Crawl Stone Soup version 0.27.1-3-gb3d3a73c9e (webtiles) character file.

Game seed: 18149970750383668483

109 OstrichLN the Caller (level 4, -26/18 HPs)
             Began as a Felid Summoner on Oct 28, 2021.
             Killed by an exploding themself (37 damage)
             ... ignited by their inner flame
             ... on level 5 of the Dungeon.
             The game lasted 00:33:54 (4955 turns).

OstrichLN the Caller (Felid Summoner)               Turns: 4955, Time: 00:34:05

Health: -26/18     AC:  1    Str:  4    XL:     4   Next: 59%
Magic:  7/10       EV: 37    Int: 18    God:
Gold:   167        SH:  0    Dex: 22    Spells: 0/9 levels left
                                        Lives:  0   Deaths: 1

rFire    . . .     SeeInvis +   (weapon unavailable)
rCold    x . .     Faith    .   (shield unavailable)
rNeg     . . .     Spirit   .   (armour unavailable)
rPois    +         Reflect  .   (helmet unavailable)
rElec    .         Harm     .   (cloak unavailable)
rCorr    .         Rampage  .   (gloves unavailable)
Will     .....                  (boots unavailable)
Stlth    +++.......             e - amulet of the acrobat
HPRegen  0.06/turn              i - ring of wizardry
MPRegen  0.12/turn              h - ring of the Fifty Artists {rPois rC- EV+4 Dex+6 SInv}

@: acrobatic, quick
A: very small, claws 1, fangs 3, see invisible, speed 1, shaggy fur 1, stealthy
paws, no weapons or thrown items, no armour, multi-lived
a: no special abilities


You were on level 5 of the Dungeon.
You visited 1 branch of the dungeon, and saw 5 of its levels.

You collected 167 gold pieces.

Inventory:

Jewellery
 b - an amulet of faith
 e - an amulet of the acrobat (around neck)
 h - the ring of the Fifty Artists (right paw) {rPois rC- EV+4 Dex+6 SInv}
   (You acquired it on level 4 of the Dungeon)

   [ring of evasion]

   EV:        It affects your evasion (+4).
   Dex:       It affects your dexterity (+6).
   rC:        It makes you vulnerable to cold.
   rPois:     It protects you from poison.
   SInv:      It lets you see invisible.
 i - a ring of wizardry (left paw)
 j - a ring of flight
 k - a ring of poison resistance
Wands
 m - a wand of polymorph (9)
Scrolls
 c - 2 scrolls of teleportation
 f - 2 scrolls of fog
 g - 2 scrolls of enchant weapon
 n - a scroll of amnesia
Potions
 a - 2 potions of cancellation
 d - a potion of flight


   Skills:
 - Level 2.7 Dodging
 - Level 2.7 Stealth
 + Level 3.3 Spellcasting
 * Level 6.0 Summonings


You couldn't memorise any spells.
You knew the following spells:

 Your Spells              Type           Power      Damage    Failure   Level
a - Summon Small Mammal   Summ           96%        N/A       1%          1
b - Call Imp              Summ           24%        N/A       1%          2
c - Call Canine Familiar  Summ           24%        N/A       1%          3
d - Summon Guardian Gole  Hex/Summ       13%        N/A       6%          3

Your spell library contained the following spells:

 Spells                   Type           Power      Damage    Failure   Level
 Beastly Appendage        Tmut           6%         N/A       6%          1
 Slow                     Hex            3%         N/A       10%         2
 Wereblood                Tmut           3%         N/A       10%         2
 Summon Lightning Spire   Summ/Air       13%        N/A       17%         4
 Confusing Touch          Hex            3%         N/A       19%         3
 Dazzling Flash           Conj/Hex       6%         N/A       19%         3
 Spider Form              Tmut/Pois      1%         N/A       19%         3
 Stone Arrow              Conj/Erth      6%         3d7       19%         3
 Iskenderun's Mystic Bla  Conj/Tloc      3%         2d3       50%         4
 Yara's Violent Unravell  Hex/Tmut       1%         3d3       83%         5
 Starburst                Conj/Fire      1%         6d3       100%        6
 Lehudib's Crystal Spear  Conj/Erth      1%         10d2      100%        8
 Animate Armour           Summ/Erth      Unusable   N/A       N/A         4

Dungeon Overview and Level Annotations

Branches:
Dungeon (5/15)
 Temple: D:4-7

Altars:
Gozag

Shops:
D:2 !

Annotations:
D:3 1 runed translucent door, Sigmund; omarspendo's ghost, amateur HOFi


Innate Abilities, Weirdness & Mutations

You have sharp claws.
You have razor-sharp teeth.
You have supernaturally acute eyesight. (SInv)
You cover ground quickly. (Speed+)
You are covered in fur. (AC +1)
Your paws help you pounce on unaware monsters.
You are incapable of wielding weapons or throwing items.
You cannot wear armour.
You gain extra lives every three experience levels.


Message History

Okay, then.
This spell is quite dangerous to cast!
Memorise Summon Guardian Golem, consuming 3 spell levels and leaving 0?
You start memorising the spell.
You continue memorising. x2
The iguana completely misses you.
You continue memorising.
The iguana barely misses you.
You finish memorising.
Spell assigned to 'd'.
Casting: Call Canine Familiar (safe; 1% risk of failure)
Confirm with . or Enter, or press ? or * to list all spells.
The spell is quite dangerous to cast (6% risk of failure)!
Continue anyway?
Uppercase [Y]es or [N]o only, please.
The spell is quite dangerous to cast (6% risk of failure)!
Continue anyway?
A guardian golem appears, shielding your allies.
The iguana completely misses you.
The iguana hisses menacingly.
The iguana bites you! The ogre misses you.
Your guardian golem disappears in a puff of smoke!
Casting: Summon Guardian Golem (quite dangerous; 6% risk of failure)
Confirm with . or Enter, or press ? or * to list all spells.
You don't know that spell.
Casting: Summon Guardian Golem (quite dangerous; 6% risk of failure)
Confirm with . or Enter, or press ? or * to list all spells.
The spell is quite dangerous to cast (6% risk of failure)!
Continue anyway?
A guardian golem appears, shielding your allies.
You swap places.
The ogre hits your guardian golem with a +0 giant club!!
Your guardian golem overheats!
The ogre hits your guardian golem with a +0 giant club.
Flame seeps out of your guardian golem.
Your guardian golem is engulfed in blazing flames.
Flame seeps out of your guardian golem.
The ogre hits your guardian golem with a +0 giant club!!
Your guardian golem explodes!
The fiery explosion engulfs the ogre!!
The ogre dies!
The fiery explosion engulfs you!!!
Ouch! That really hurt!
You die...

#..........# #######
##.........#
.......## #....†....#
........# ##....)...#
........###........##
.........##l#......#
.........##§##....##
..........#°##...##
..........§@######
...........##
.........#.#
#.......#..#
#.......#..#
##.....##.## ##...#
#.# #..# ..D #...


You could see an iguana.

Vanquished Creatures
  An adder (D:4)
  An orc (D:4)
  3 ball pythons
  A hobgoblin (D:1)
  A kobold (D:4)
  4 bats
11 creatures vanquished.

Vanquished Creatures (collateral kills)
  An ogre (D:4)
  A scorpion (D:5)
  A bullfrog zombie (D:4)
  An iguana (D:4)
  A hound skeleton (D:4)
  Robin (D:3)
  2 adders (D:3)
  An ufetubus (D:4)
  2 worms
  A dart slug (D:3)
  4 orcs
  4 ball pythons
  2 bats
  5 endoplasms
  2 giant cockroaches (D:1)
  13 goblins
  4 hobgoblins
  8 kobolds
  4 quokkas
  A frilled lizard (D:2)
  3 rats
62 creatures vanquished.

Vanquished Creatures (others)
  An ogre (D:5)
1 creature vanquished.

Grand Total: 74 creatures vanquished

Notes
Turn   | Place    | Note
-------+----------+-------------------------------------------
     0 | D:1      | OstrichLN the Felid Summoner began the quest for the Orb.
     0 | D:1      | Reached XP level 1. HP: 7/7 MP: 4/4
   573 | D:1      | Reached XP level 2. HP: 2/11 MP: 0/6
   576 | D:1      | Learned a level 2 spell: Call Imp
   700 | D:1      | Found a faded altar of an unknown god.
  1471 | D:2      | Learned a level 2 spell: Call Imp
  1899 | D:2      | Found Sesmasm's Distillery.
  2635 | D:3      | Noticed omarspendo's ghost (amateur HOFi)
  2638 | D:3      | Found a runed translucent door.
  2688 | D:3      | Noticed Sigmund
  2734 | D:3      | Reached XP level 3. HP: 2/14 MP: 1/7
  3107 | D:3      | Noticed Robin
  3126 | D:3      | Killed Robin
  3197 | D:3      | Learned a level 3 spell: Call Canine Familiar
  3557 | D:4      | Reached skill level 5 in Summonings
  3593 | D:4      | Reached XP level 4. HP: 10/18 MP: 7/9
  3838 | D:4      | Noticed an ogre
  3871 | D:4      | Killed an ogre
  3872 | D:4      | Reached XP level 5. HP: 21/21 MP: 2/10
  4618 | D:4      | Identified a scroll of acquirement
  4618 | D:4      | Acquired the ring of the Fifty Artists {rPois rC- EV+4
                  | Dex+6 SInv}
  4684 | D:5      | Entered Level 5 of the Dungeon
  4771 | D:5      | Noticed an ogre
  4771 | D:5      | Found an opulent altar of Gozag.
  4781 | D:5      | Slain by an ogre
  4782 | D:5      | Reached XP level 4. HP: -2/18 MP: 8/9
  4797 | D:5      | Noticed a scorpion
  4797 | D:5      | Noticed an acid dragon
  4822 | D:5      | Killed a scorpion
  4823 | D:5      | Reached skill level 6 in Summonings
  4917 | D:5      | Learned a level 3 spell: Summon Guardian Golem
  4955 | D:5      | Killed an ogre
  4955 | D:5      | Killed by an exploding themself... ignited by their inner
                  | flame

Illustrated notes

Levels and vault maps discovered:
D:1:      heliophobic_arrival_ceremonial_halls, layout_rooms,
          chequers_ecumenical_altar_simple, minivault_5
D:2:      layout_basic, serial_shops, nicolae_shop_stone,
          chequers_serial_rivers_marsh, fountainhead
D:3:      layout_basic, hellmonk_ghost_happy_afterlife, corner_web_ring,
          uniq_sigmund, uniq_robin
D:4:      layout_basic
D:5:      minmay_angry_zag, layout_cave_pods,
          mainiacjoe_overflow_concentric_impassable, grunt_ministairs_3,
          hex_large, uniq_blork_the_orc, uniq_crazy_yiuf_cottage

Skill      XL: |  1  2  3  4 |
---------------+-------------+-----
Summonings     | 5 6 |  6.0
Spellcasting   | 3 |  3.3
Dodging        | |  2.7
Stealth        | |  2.7

Action                   |  1- 3 |  4- 6 || total
-------------------------+-------+-------++-------
Melee: Unarmed           |    29 |     9 ||    38
       Bite              |     5 |       ||     5
 Cast: Summon Small Mamm |    21 |       ||    21
       Call Imp          |    50 |       ||    50
       Call Canine Famil |     6 |    18 ||    24
       Summon Guardian G |       |     2 ||     2
  Use: Scroll            |     7 |     2 ||     9
       Potion            |     1 |     1 ||     2
 Stab: Sleeping          |     1 |     1 ||     2
Armor: Skin              |     3 |     1 ||     4
Dodge: Dodged            |    45 |    16 ||    61
